 Dungeon Crawl Stone Soup version 0.29.1-2-gbd0b4ee654 (webtiles) character file.

Game seed: 12713717384615430004

85974 funnyparkerb the Spry (level 15, 0/73 HPs)
             Began as a Felid Summoner on Nov 2, 2022.
             Was an Initiate of Gozag.
             Succumbed to a nagaraja's bolt of poison
             ... on level 3 of the Snake Pit.
             The game lasted 02:00:23 (51252 turns).

funnyparkerb the Spry (Felid Summoner)             Turns: 51252, Time: 02:00:23

Health: 0/73       AC:  3    Str: 12    XL:     15   Next: 39%
Magic:  30/30      EV: 36    Int: 27    God:    Gozag
Gold:   3362       SH:  5    Dex: 25    Spells: 7/34 levels left
                                        Lives:  0   Deaths: 3

rFire   . . .      SeeInvis +   (weapon unavailable)
rCold   + . .      Faith    .   (shield unavailable)
rNeg    + . .      Spirit   .   (body armour unavailable)
rPois   +          Reflect  +   (helmet unavailable)
rElec   .          Harm     .   (cloak unavailable)
rCorr   +          Rampage  .   (gloves unavailable)
Will    ++...                   (boots unavailable)
Stlth   +++.......              R - amulet "Enymu" {Reflect rCorr Int+5 SH+5}
HPRegen 0.22/turn               h - +6 ring of dexterity
MPRegen 0.22/turn               H - ring of Mauhuhe {rPois rN+ rCorr Str+8}

@: lethally poisoned (0 -> -37), weakened, quick
A: very small, claws 1, fangs 3, see invisible, speed 1, shaggy fur 3, stealthy
paws, no weapons or thrown items, no armour, multi-lived
a: Renounce Religion, Potion Petition, Call Merchant, Bribe Branch


You were on level 3 of the Snake Pit.
You worshipped Gozag.
Gozag was most pleased with you.
You visited 6 branches of the dungeon, and saw 29 of its levels.

You collected 10101 gold pieces.
You spent 3145 gold pieces at shops.
You paid 3594 gold pieces to Gozag.

Inventory:

Jewellery
 h - a +6 ring of dexterity (left paw)
 k - the necklace of Bloodlust {*Rage Will++ Int-3 Slay+6}
   (You found it on level 3 of the Dungeon)

   [amulet of nothing]

   It extends the wearer's berserk rage when killing foes.
   Int:       It affects your intelligence (-3).
   Slay:      It affects your accuracy & damage with ranged weapons and melee
   (+6).
   *Rage:     It berserks you when you make melee attacks (+50% chance).
   Will:      It greatly increases your willpower.
 H - the ring of Mauhuhe (right paw) {rPois rN+ rCorr Str+8}
   (You found it on level 1 of the Lair of Beasts)

   [ring of positive energy]

   Str:       It affects your strength (+8).
   rPois:     It protects you from poison.
   rN:        It protects you from negative energy.
   rCorr:     It protects you from acid and corrosion.
 O - a ring of protection from cold
 Q - a ring of protection from cold
 R - the amulet "Enymu" (around neck) {Reflect rCorr Int+5 SH+5}
   (You bought it in a shop on level 12 of the Dungeon)

   [amulet of reflection]

   It reflects blocked missile attacks.
   Int:       It affects your intelligence (+5).
   rCorr:     It protects you from acid and corrosion.
   SH:        It affects your SH (+5).
 T - an amulet of the acrobat
 U - a ring of fire
 V - a +4 ring of protection
Wands
 w - a wand of paralysis (16)
 E - a wand of polymorph (15)
 I - a wand of flame (23)
 J - a wand of acid (4)
 N - a wand of roots (12)
 P - a wand of mindburst (6)
Scrolls
 b - 4 scrolls of torment
 d - 2 scrolls of magic mapping
 e - 2 scrolls of summoning
 f - 8 scrolls of identify
 j - 3 scrolls of poison
 m - 5 scrolls of vulnerability
 n - 5 scrolls of fear
 p - 5 scrolls of noise
 q - 2 scrolls of fog
 r - 4 scrolls of teleportation
 s - 3 scrolls of blinking
 t - 3 scrolls of amnesia
 u - 3 scrolls of silence
 G - 2 scrolls of immolation
Potions
 a - 4 potions of magic
 c - 4 potions of haste
 g - 5 potions of resistance
 i - 2 potions of lignification
 l - 3 potions of might
 v - 4 potions of attraction
 x - 2 potions of brilliance
 z - 9 potions of curing
 A - a potion of cancellation
 B - a potion of flight
 C - 2 potions of berserk rage
 D - 4 potions of mutation
 F - 4 potions of degeneration {unknown}
 K - a potion of heal wounds
 S - a potion of ambrosia
Miscellaneous
 y - a condenser vane
 L - a lightning rod (4/4)
 M - a phial of floods


   Skills:
 + Level 13.1 Fighting
 + Level 16.7 Dodging
 - Level 2.6 Stealth
 - Level 10.0 Spellcasting
 - Level 10.0 Hexes
 - Level 10.0 Summonings
 - Level 10.0 Translocations
 * Level 14.6 Transmutations
 * Level 14.0 Air Magic


You had 7 spell levels left.
You knew the following spells:

 Your Spells              Type           Power      Damage    Failure   Level
c - Call Canine Familiar  Summ           61%        N/A       1%          3
d - Summon Guardian Gole  Hex/Summ       61%        N/A       1%          3
e - Summon Lightning Spi  Summ/Air       68%        N/A       1%          4
f - Summon Mana Viper     Hex/Summ       61%        N/A       1%          5
g - Summon Forest         Summ/Tloc      30%        N/A       1%          5
h - Storm Form            Tmut/Air       37%        N/A       10%         7

Your spell library contained the following spells:

 Spells                   Type           Power      Damage    Failure   Level
 Beastly Appendage        Tmut           100%       N/A       0%          1
 Wereblood                Tmut           75%        N/A       0%          2
 Apportation              Tloc           100%       N/A       1%          1
 Shock                    Conj/Air       100%       1d9       1%          1
 Summon Small Mammal      Summ           100%       N/A       1%          1
 Call Imp                 Summ           61%        N/A       1%          2
 Passwall                 Tmut/Erth      43%        N/A       1%          2
 Static Discharge         Conj/Air       51%        3-10/arc  1%          2
 Ignite Poison            Fire/Tmut/Pois 39%        N/A       1%          3
 Mephitic Cloud           Conj/Pois/Air  38%        N/A       1%          3
 Tukima's Dance           Hex            61%        N/A       1%          3
 Airstrike                Air            36%        2d(6-22)  1%          4
 Passage of Golubria      Tloc           61%        N/A       1%          4
 Blade Hands              Tmut           37%        N/A       1%          5
 Silence                  Hex/Air        34%        N/A       1%          5
 Yara's Violent Unravell  Hex/Tmut       34%        3d14      1%          5
 Petrify                  Tmut/Erth      52%        N/A       2%          4
 Foxfire                  Conj/Fire      52%        2x1d6     4%          1
 Magic Dart               Conj           52%        1d5       4%          1
 Necrotise                Necr           52%        1d6       4%          1
 Sandblast                Erth           26%        2d8       4%          1
 Fulminant Prism          Conj/Hex       20%        3d13      5%          4
 Searing Ray              Conj           26%        2d5       6%          2
 Sublimation of Blood     Necr           13%        N/A       6%          2
 Irradiate                Conj/Tmut      26%        3d20      6%          5
 Lightning Bolt           Conj/Air       25%        1d41      7%          5
 Stone Arrow              Conj/Erth      26%        3d8       13%         3
 Metabolic Englaciation   Hex/Ice        20%        N/A       16%         5
 Freezing Cloud           Conj/Ice/Air   19%        6-21      17%         5
 Eringya's Noxious Bog    Tmut/Pois      26%        N/A       32%         6
 Statue Form              Tmut/Erth      34%        N/A       32%         6
 Hailstorm                Conj/Ice       13%        3d5       38%         4
 Summon Hydra             Summ           30%        N/A       52%         7
 Spellforged Servitor     Conj/Summ      20%        N/A       99%         7
 Lehudib's Crystal Spear  Conj/Erth      6%         10d3      100%        8
 Chain Lightning          Conj/Air       25%        3d34      100%        9
 Animate Armour           Summ/Erth      Unusable   N/A       N/A         4
 Corpse Rot               Necr/Pois/Air  Unusable   N/A       N/A         4

Dungeon Overview and Level Annotations

Branches:
Dungeon (15/15)            Temple (1/1) D:5            Lair (5/5) D:8
  Swamp (2/4) Lair:2        Snake (4/4) Lair:2        Slime (0/5) Lair:5
    Orc (2/2) D:9             Elf (0/3) Orc:2        Vaults (0/5) D:13
 Depths (0/4) D:15

Altars:
Ashenzari
Cheibriados
Elyvilon
Fedhas
Gozag
Hepliaklqana
Kikubaaqudgha
Nemelex Xobeh
Okawaru
Qazlal
Ru
Sif Muna
Uskayaw
Vehumet
Wu Jian
Xom
Yredelemnul
Zin
The Shining One

Shops:
D:4 (*   D:6 :   D:12 :=   Orc:1 ?   Orc:2 *([**   Snake:1 =*   Snake:2 (

Annotations:
D:2 Robin
D:8 3 runed translucent doors, hikkokomori's ghost, novice OgFE
Lair:5 1 runed translucent door
Swamp:1 Mlioglotl
Snake:1 3 runed translucent doors, Ugoet's ghost, adept VSBe
Snake:2 1 runed translucent door, Quyniabo's ghost, journeyman DrBe


Innate Abilities, Weirdness & Mutations

You have sharp claws.
You have razor-sharp teeth.
You have supernaturally acute eyesight. (SInv)
You cover ground quickly. (Speed+)
Your thick and shaggy fur keeps you warm. (AC +3, rC+)
Your paws help you pounce on unaware monsters.
You are incapable of wielding weapons or throwing items.
You cannot wear armour.
You gain extra lives every three experience levels.


Message History

The naga sharpshooter wields a +0 shortbow.
The naga sharpshooter mumbles some strange words.
The naga sharpshooter magically shoots an arrow.
The arrow completely misses you.
The guardian serpent casts a spell at you.
The bolt of poison hits you!
You are poisoned.
You resist.
The nagaraja points at you and mumbles some strange words.
The bolt of poison misses you.
The naga sharpshooter casts a spell.
The naga sharpshooter magically shoots an arrow.
The arrow hits you!
The naga sharpshooter mumbles some strange words.
The naga sharpshooter magically shoots an arrow.
You reflect the arrow off an invisible shield around you!
The nagaraja shouts!
The shock serpent hisses angrily.
There is a stone staircase leading up, spattered with blood here.
You feel very sick.
The mana viper hisses angrily.
The guardian serpent completely misses you.
The nagaraja casts a spell at you.
The bolt of poison hits the guardian serpent!
The bolt of poison hits you!
You are lethally poisoned!
You resist.
* * * LOW HITPOINT WARNING * * *
The salamander tyrant gazes fiercely through you!
You feel as though you will be weak longer.
The guardian serpent hits you!
* * * LOW HITPOINT WARNING * * *
The nagaraja closely misses you.
The shock serpent shoots out a bolt of lightning at you!
The bolt of electricity misses you.
The naga sharpshooter mumbles some strange words.
The naga sharpshooter magically shoots an arrow.
The arrow closely misses you.
You climb upwards.
You die...
Your body crumbles into a pile of gold.

.........##......#
.................###
...........#######.##
...........## ###...#
............###.....#
.........#.........##
........###.......##
.......## ##.....S.##
.....######.....@...#
...#....#...........##
.....)...............#
.....................#
....................<#
#....................#
#..##................#
#...########.......###
#....#...###......##


You could see a guardian serpent.

Vanquished Creatures
  Nessos (D:12)
  2 centaurs (D:14)
  A killer bee (D:7)
  3 ball pythons (D:1)
  3 endoplasms
  4 frilled lizards
  A goblin (D:1)
  A kobold (D:4)
  3 rats
19 creatures vanquished.

Vanquished Creatures (collateral kills)
  Saint Roka (Orc:2)
  Jorgrun (D:15)
  A thorn hunter (Swamp:1)
  Roxanne (D:15)
  An orc warlord (Orc:1)
  Louise (Snake:2)
  An eleionoma (Swamp:2)
  2 bunyips
  Snorg (Lair:3)
  Josephine (D:11)
  A fire dragon (Lair:5)
  3 hydras
  4 vault guards (D:13)
  4 boulder beetles
  A ghost crab (Swamp:2)
  A rakshasa (D:13)
  Erolcha (Orc:2)
  A catoblepas (Lair:5)
  9 naga warriors
  3 centaur warriors (D:14)
  Erica (D:11)
  9 anacondas
  2 two-headed ogres
  7 death yaks (Lair:5)
  2 tengu warriors (D:13)
  3 alligators
  3 shock serpents
  Sonja (Orc:1)
  2 orc high priests (Orc:2)
  4 naga sharpshooters
  2 salamander mystics (Snake:3)
  A goliath frog (Swamp:1)
  A wizard (D:15)
  2 spriggan druids
  A deep troll (D:15)
  3 bog bodies
  2 lindwurms
  2 naga ritualists
  A necromancer (D:15)
  3 swamp dragons
  3 deep elf pyromancers
  2 mana vipers
  2 orc sorcerers (Orc:2)
  4 manticores
  3 cyclopes
  7 ugly things
  A will-o-the-wisp (Swamp:1)
  9 salamanders
  13 elephants
  Maurice (Orc:1)
  21 black mambas
  11 naga magi
  4 guardian serpents
  4 torpor snails (Lair:5)
  10 cane toads
  2 unseen horrors (D:11)
  2 efreet (D:15)
  8 rime drakes
  6 komodo dragons
  4 yaktaurs (D:15)
  A freezing wraith (D:15)
  A bloated husk (Swamp:2)
  3 trolls
  9 tyrant leeches
  15 hornets
  Grinder (D:4)
  19 blink frogs
  10 dream sheep (Lair:5)
  13 slime creatures
  A spriggan (shapeshifter) (D:14)
  7 wraiths
  6 wyverns
  6 spriggans
  A vampire (D:13)
  7 basilisks
  54 yaks
  2 nameless horrors
  2 steam dragons (Lair:5)
  8 vampire mosquitoes
  19 nagas
  3 wargs
  6 swamp worms
  An acid dragon (Lair:5)
  15 water moccasins
  3 black bears (Lair:3)
  26 orc warriors
  2 swamp drakes
  4 boggarts (D:14)
  4 ogres
  10 centaurs
  19 wolves
  3 phantoms
  3 kobold brigands
  11 bullfrogs
  A gnoll sergeant (D:10)
  5 scorpions
  8 wights (D:9)
  12 killer bees
  A howler monkey (D:13)
  2 lava snakes (D:8)
  21 orc priests
  A gnoll bouda (D:7)
  2 hounds
  14 jellies
  5 iguanas
  29 orc wizards
  Natasha (twice) (D:4)
  A mummy (D:5)
  8 gnolls
  7 adders
  3 white imps
  2 ufetubi (D:7)
  2 worms (D:2)
  94 orcs
  7 ball pythons
  6 bats
  A bat zombie (D:4)
  An endoplasm (D:3)
  2 giant cockroaches (D:2)
  9 goblins
  6 hobgoblins
  10 kobolds
  2 quokkas
  4 frilled lizards
  A rat (D:1)
  2 rat zombies (D:4)
  13 briar patches (Swamp:1)
  2 bushes
789 creatures vanquished.

Vanquished Creatures (others)
  Rupert (D:12)
  2 bunyips (Swamp:2)
  An ettin (D:15)
  An anaconda (Snake:4)
  2 two-headed ogres
  A naga warrior (Snake:2)
  2 death yaks (Lair:5)
  A tengu warrior (D:13)
  2 shock serpents
  2 deep trolls (D:15)
  A bog body (Swamp:2)
  7 ugly things
  A mana viper (Snake:1)
  2 orc knights
  An elephant (Lair:4)
  3 black mambas
  3 naga magi
  A gargoyle (D:11)
  A torpor snail (Lair:5)
  2 rime drakes (D:9)
  A freezing wraith (D:14)
  2 trolls (D:10)
  A bloated husk (Swamp:2)
  A hornet (D:8)
  3 slime creatures
  2 wraiths (D:10)
  9 yaks
  2 basilisks
  A vampire mosquito (Swamp:2)
  2 swamp worms (Swamp:1)
  A naga (Snake:2)
  An acid dragon (D:13)
  4 water moccasins
  2 orc warriors
  2 ice beasts
  A black bear (D:7)
  3 ogres
  A wolf (Lair:5)
  A phantom (D:7)
  A scorpion (D:4)
  A bullfrog (D:6)
  3 killer bees
  A gnoll bouda (D:6)
  An orc wizard (D:9)
  3 gnolls
  3 orcs
  A briar patch (Swamp:1)
  A bush (Lair:3)
  2 foxfires (Swamp:1)
  30 fungi
  121 plants
  45 snaplasher vines
290 creatures vanquished.

Grand Total: 1098 creatures vanquished

Notes
Turn   | Place    | Note
-------+----------+-------------------------------------------
     0 | D:1      | funnyparkerb the Felid Summoner began the quest for the
                  | Orb.
     0 | D:1      | Reached XP level 1. HP: 7/7 MP: 4/4
   416 | D:1      | Reached XP level 2. HP: 9/11 MP: 6/6
   419 | D:1      | Learned a level 2 spell: Call Imp
  1377 | D:2      | Identified the +5 leather armour of Okawaru, Uplifting
                  | {rPois Will+ Str+4}
  1489 | D:2      | Reached XP level 3. HP: 14/14 MP: 5/8
  1493 | D:2      | Learned a level 3 spell: Call Canine Familiar
  1703 | D:2      | Found a faded altar of an unknown god.
  2065 | D:2      | Noticed Robin
  3012 | D:3      | Reached XP level 4. HP: 18/18 MP: 9/9
  3067 | D:2      | Learned a level 3 spell: Summon Guardian Golem
  3166 | D:3      | Found the necklace of Bloodlust {*Rage Will++ Int-3 Slay+6}
  3365 | D:3      | Found a glowing golden altar of the Shining One.
  3520 | D:4      | Noticed an ogre
  3559 | D:4      | Noticed a scorpion
  3588 | D:4      | Killed a scorpion
  3589 | D:4      | Reached skill level 1 in Fighting
  3589 | D:4      | Reached skill level 3 in Dodging
  3589 | D:4      | Reached skill level 5 in Summonings
  3589 | D:4      | Reached XP level 5. HP: 22/22 MP: 6/11
  3755 | D:4      | Noticed a phantom
  3817 | D:4      | Killed a phantom
  3960 | D:4      | Identified the +9 sling "Asuhaah" {freeze, Dex+2}
  4160 | D:4      | Found Aliruczy's General Store.
  4218 | D:4      | Killed an ogre
  4219 | D:4      | Reached skill level 4 in Dodging
  4219 | D:4      | Gained mutation: You are covered in thick fur. (AC +2)
                  | [Felid growth]
  4219 | D:4      | Reached XP level 6. HP: 26/26 MP: 8/12
  4292 | D:4      | Bought a scroll of fear for 44 gold pieces
  4292 | D:4      | Bought a scroll of identify for 22 gold pieces
  4345 | D:4      | Noticed Natasha
  4354 | D:4      | Killed Natasha
  4508 | D:4      | Learned a level 4 spell: Summon Lightning Spire
  4543 | D:4      | Found Bonacw's Weapon Boutique.
  4622 | D:4      | Noticed Natasha
  4640 | D:4      | Killed Natasha
  4796 | D:3      | Reached skill level 1 in Hexes
  4898 | D:4      | Noticed Grinder
  5251 | D:4      | Killed Grinder
  5252 | D:4      | Reached skill level 1 in Air Magic
  5252 | D:4      | Reached XP level 7. HP: 30/30 MP: 3/14
  5437 | D:4      | Found an ancient bone altar of Kikubaaqudgha.
  5551 | D:5      | Entered Level 5 of the Dungeon
  5562 | D:5      | Found a staircase to the Ecumenical Temple.
  5598 | Temple   | Entered the Ecumenical Temple
  5781 | Temple   | Became a worshipper of Gozag Ym Sagoz the Greedy
  6391 | D:5      | Reached skill level 5 in Dodging
  6607 | D:5      | Found a snail-covered altar of Cheibriados.
  6870 | D:5      | Reached XP level 8. HP: 21/34 MP: 8/15
  7019 | D:5      | Found an ornate altar of the Wu Jian Council.
  7929 | D:6      | Reached skill level 5 in Hexes
  8221 | D:6      | Reached skill level 5 in Spellcasting
  8414 | D:6      | Reached skill level 6 in Dodging
  8588 | D:6      | Found Emocreul's Tremendous Tomes.
  9037 | D:7      | Found a stormy altar of Qazlal.
  9122 | D:7      | Reached XP level 9. HP: 39/39 MP: 8/17
  9572 | D:7      | Found a sparkling altar of Nemelex Xobeh.
  9620 | D:7      | Reached skill level 5 in Air Magic
 10356 | D:7      | Found a hide-covered altar of Uskayaw.
 10644 | D:8      | Reached skill level 7 in Dodging
 10668 | D:8      | Reached skill level 5 in Fighting
 10791 | D:8      | Noticed a two-headed ogre
 10829 | D:8      | Killed a two-headed ogre
 10844 | D:8      | Reached XP level 10. HP: 44/44 MP: 7/20
 10986 | D:8      | Found a staircase to the Lair.
 11275 | D:8      | Reached skill level 8 in Dodging
 11691 | D:8      | Found a runed translucent gate.
 11692 | D:8      | Found a runed translucent gate.
 11697 | D:8      | Found a runed translucent gate.
 11697 | D:8      | Noticed hikkokomori's ghost (novice OgFE)
 12670 | D:9      | Found the +4 skin of Zhor {*Englaciate rC+++ SInv}
 13312 | D:9      | Reached skill level 9 in Dodging
 13657 | D:6      | Bought the Anthology of the Gathering and Conflict for 912
                  | gold pieces
 13663 | D:6      | Learned a level 5 spell: Summon Mana Viper
 13669 | D:6      | Learned a level 5 spell: Summon Forest
 13921 | D:9      | Found a staircase to the Orcish Mines.
 14130 | D:9      | Reached skill level 1 in Translocations
 14324 | D:10     | Entered Level 10 of the Dungeon
 14365 | D:10     | Reached XP level 11. HP: 49/49 MP: 11/22
 14752 | D:10     | Found a white marble altar of Elyvilon.
 15379 | D:10     | Noticed a two-headed ogre
 15445 | D:10     | Killed a two-headed ogre
 16473 | D:11     | Noticed Josephine
 16482 | D:11     | Killed Josephine
 16488 | D:11     | Noticed Erica
 17249 | D:11     | Reached skill level 10 in Dodging
 17830 | D:11     | Reached skill level 5 in Translocations
 18271 | D:11     | Killed Erica
 18349 | Lair:1   | Entered Level 1 of the Lair of Beasts
 19226 | Lair:1   | Gained mutation: Your thick and shaggy fur keeps you warm.
                  | (AC +3, rC+) [Felid growth]
 19226 | Lair:1   | Reached XP level 12. HP: 54/55 MP: 5/25
 19694 | Lair:1   | Identified the ring of Mauhuhe {rPois rN+ rCorr Str+8}
 19930 | Lair:2   | Found a staircase to the Swamp.
 20848 | Lair:2   | Found a staircase to the Snake Pit.
 21168 | Lair:3   | Noticed Snorg
 21269 | Lair:3   | Reached skill level 11 in Dodging
 21579 | Lair:3   | Killed Snorg
 21788 | Lair:3   | Identified the +0 plate armour "Qiqiotu" {+Inv Str+5 Dex-3
                  | Slay+5}
 21967 | D:6      | Bought Wumeopp's Omnibus of the Altered Storm for 1080 gold
                  | pieces
 22151 | Lair:3   | Reached skill level 10 in Hexes
 22151 | Lair:3   | Reached skill level 10 in Summonings
 22515 | Lair:3   | Reached skill level 10 in Translocations
 23365 | Lair:3   | Noticed a four-headed hydra
 23376 | Lair:3   | Killed a four-headed hydra
 23377 | Lair:3   | Reached skill level 12 in Dodging
 23772 | Lair:4   | Reached skill level 1 in Transmutations
 23773 | Lair:4   | Reached XP level 13. HP: 60/60 MP: 10/27
 24954 | Lair:5   | Entered Level 5 of the Lair of Beasts
 25307 | Lair:5   | Reached skill level 5 in Transmutations
 25312 | Lair:5   | Found a staircase to the Slime Pits.
 25846 | Lair:5   | Reached skill level 10 in Fighting
 25855 | Lair:5   | Reached skill level 13 in Dodging
 26078 | Lair:5   | Reached XP level 14. HP: 66/66 MP: 10/28
 26088 | Lair:5   | Reached skill level 10 in Spellcasting
 26509 | Lair:5   | Learned a level 7 spell: Storm Form
 27585 | Lair:5   | Identified the +1 ring mail of Banehef {rElec Int+8 Stlth-}
 28387 | Lair:5   | Found a runed translucent door.
 29407 | Lair:5   | Reached skill level 10 in Air Magic
 29871 | D:12     | Noticed Nessos
 29878 | D:12     | Shot with an arrow by Nessos
 29879 | D:12     | Reached XP level 13. HP: 0/62 MP: 13/28
 30265 | D:12     | Killed Nessos
 30704 | D:12     | Noticed Rupert
 30722 | D:12     | Killed Rupert
 30723 | D:12     | Reached skill level 14 in Dodging
 31017 | D:12     | Bought the amulet "Enymu" {Reflect rCorr Int+5 SH+5} for
                  | 743 gold pieces
 31147 | Orc:1    | Entered Level 1 of the Orcish Mines
 31155 | Orc:1    | Noticed Sonja
 31169 | Orc:1    | Killed Sonja
 31173 | Orc:1    | Noticed an orc warlord
 31183 | Orc:1    | Killed an orc warlord
 31358 | Orc:1    | Found a radiant altar of Vehumet.
 31497 | Orc:1    | Found Sidakac's Magic Scroll Shoppe.
 31508 | Orc:1    | Noticed Maurice
 31512 | Orc:1    | Killed Maurice
 31993 | Orc:2    | Entered Level 2 of the Orcish Mines
 32000 | Orc:2    | Reached XP level 14. HP: 67/67 MP: 16/29
 32027 | Orc:2    | Noticed Erolcha
 32035 | Orc:2    | Killed Erolcha
 32243 | Orc:2    | Found Byatwacon's Assorted Antiques.
 32257 | Orc:2    | Found a staircase to the Elven Halls.
 32527 | Orc:2    | Found Funt's Assorted Antiques.
 33519 | Orc:2    | Noticed Saint Roka
 33535 | Orc:2    | Killed Saint Roka
 33536 | Orc:2    | Reached skill level 10 in Transmutations
 33663 | Orc:2    | Found Hitz's Antique Armour Shoppe.
 33666 | Orc:2    | Found Ytoil's Antique Weapon Emporium.
 33821 | Orc:2    | Found Womithat's Assorted Antiques.
 35249 | D:13     | Found a gate to the Vaults.
 37146 | D:14     | Reached skill level 15 in Dodging
 37686 | D:15     | Entered Level 15 of the Dungeon
 38298 | D:15     | Reached XP level 15. HP: 58/72 MP: 7/30
 38532 | D:15     | Found a staircase to the Depths.
 38826 | D:15     | Noticed Jorgrun
 39202 | D:15     | Killed from afar by Jorgrun
 39203 | D:15     | Reached XP level 14. HP: -2/68 MP: 22/29
 39285 | D:15     | Killed Jorgrun
 39780 | D:15     | Noticed Roxanne
 39839 | D:15     | Killed Roxanne
 40325 | Swamp:1  | Entered Level 1 of the Swamp
 40343 | Swamp:1  | Identified the +2 pair of gloves of the Tarantula {Str+4}
 40363 | Swamp:1  | Noticed a thorn hunter
 40372 | Swamp:1  | Killed a thorn hunter
 40547 | Swamp:1  | Killed by an exploding themself... ignited by their inner
                  | flame
 40548 | Swamp:1  | Reached XP level 13. HP: -1/64 MP: 15/28
 41346 | Swamp:1  | You fall into a shaft and drop 1 floor!
 41347 | Swamp:2  | Noticed an eleionoma
 41355 | Swamp:2  | Killed an eleionoma
 41371 | Swamp:2  | Noticed a bunyip
 41382 | Swamp:2  | Killed a bunyip
 42437 | Swamp:2  | Noticed Mlioglotl
 42437 | Swamp:2  | Noticed a bunyip
 42438 | Swamp:2  | Noticed a bone dragon
 42441 | Swamp:2  | Killed a bunyip
 42813 | Swamp:2  | Reached XP level 14. HP: 69/69 MP: 17/29
 43250 | Swamp:2  | HP: 1/69 [Mlioglotl (20)]
 43254 | Swamp:2  | Noticed a starcursed mass
 43753 | Snake:1  | Entered Level 1 of the Snake Pit
 44259 | Snake:1  | Reached skill level 16 in Dodging
 44567 | Snake:1  | Found Cumo's Assorted Antiques.
 44583 | Snake:1  | Bought 2 scrolls of fear for 344 gold pieces
 45079 | Snake:1  | Found a runed translucent gate.
 45108 | Snake:1  | Found a runed translucent gate.
 45108 | Snake:1  | Found a runed translucent gate.
 45108 | Snake:1  | Noticed Ugoet's ghost (adept VSBe)
 46016 | Snake:2  | Noticed Louise
 46030 | Snake:2  | Killed Louise
 46364 | Snake:2  | Found Uxeronweeph's Weapon Shop.
 46898 | Snake:2  | Found a shimmering altar of Xom.
 46898 | Snake:2  | Identified the +6 great sword of Hutoinir {chaos, MP+9
                  | Str+5}
 46898 | Snake:2  | Noticed Quyniabo's ghost (journeyman DrBe)
 46900 | Snake:2  | Found a runed translucent door.
 47753 | Snake:3  | Reached XP level 15. HP: 73/73 MP: 17/30
 49435 | Snake:4  | Entered Level 4 of the Snake Pit
 51250 | Snake:4  | Noticed a nagaraja
 51250 | Snake:4  | Noticed a nagaraja
 51252 | Snake:3  | Succumbed to a nagaraja's bolt of poison

Illustrated notes

Levels and vault maps discovered:
D:1:      reono_arrival_forest_river, layout_loops_cross
D:2:      layout_basic, ebering_ecumenical_altar_sacrificial, uniq_robin
D:3:      layout_loops_ring, nicolae_tso_swordbearing_angel
D:4:      layout_basic, lemuel_zombie_altar_kikubaaqudgha, serial_shops,
          nicolae_shop_waterfront, nicolae_lakefront_shop, chequers_jeans,
          hangedman_decor_points, uniq_grinder, uniq_natasha
D:5:      layout_basic, slow_altar_2, old_standard_altar,
          minmay_temple_entry_sparse_star, skrybe_limestone_x,
          chequers_serial_rivers_large_a
D:6:      layout_loops_ring, nicolae_shop_i_like_big_books
D:7:      layout_basic, nemelex_spade_bored_becter,
          mainiacjoe_overflow_surrounded_room, eat_drink_and_be_merry_uskayaw,
          kennysheep_windowed_goal
D:8:      layout_rooms, lair_entry_dummy, biasface_ghost_orc_armoury,
          kennysheep_potato
D:9:      layout_roguey, orc_0_dummy, hellmonk_guarded_unrand_zhor
D:10:     layout_stronghold, elyvilon_altar_3, hangedman_abyss_or_decor_passed,
          hangedman_corner_corridor
D:11:     layout_gridville, uniq_erica, uniq_josephine
D:12:     layout_big_octagon, nicolae_wwwww, uniq_rupert, uniq_nessos
D:13:     layout_roguey, lightli_vaults_fourway_checkpoint, special_room
          [special_room_orc], minivault_19
D:14:     layout_cave_pools, kennysheep_cross_bottleneck
D:15:     hangedman_depths_entry_civil_slaughter, layout_basic, uniq_jorgrun,
          uniq_roxanne
Temple:   minmay_temple_curvy_branch
Lair:1:   layout_regular_city
Lair:2:   layout_cave_pods, skrybe_swamp_entry_bodies,
          guppyfry_snake_entry_garden
Lair:3:   cheibrodos_lair_overgrown_chateau, layout_chaotic_city,
          gauntlet_entry_generic, uniq_snorg
Lair:4:   layout_cave_shapes, grunt_megastairs_4
Lair:5:   guppyfry_lair_end_dragon, layout_regular_city, wormcave,
          minmay_slime_entry_jelly_boxes, grunt_megastairs_1
Swamp:1:  layout_basic_swamp, evilmike_swamp_ruin_rubble_2
Swamp:2:  layout_basic_swamp, evilmike_swamp_ruin_house_5, swamp_pool1,
          nicolae_swamp_no_escape, infiniplex_staircase_pool, uniq_mlioglotl
Snake:1:  hangedman_cross_stitches, layout_concentric_octagons,
          gammafunk_ghost_split, serial_shops, shop
Snake:2:  layout_grid_maze, ebering_ghost_xom, serial_shops, shop, uniq_louise
Snake:3:  layout_grid_shapes, nicolae_snake_gridmaze_swirls
Snake:4:  hellmonk_snake_rune_quicksilver_temple, layout_gridlike, uniq_vashnia
Orc:1:    layout_diamond_mine, serial_shops, nicolae_shop_behind_doors,
          basic_altar, uniq_sonja, uniq_maurice
Orc:2:    grunt_orc_community_town_hall, layout_diamond_mine,
          grunt_orc_community_big_house_2, grunt_orc_community_big_house_1,
          grunt_orc_community_house_1, grunt_orc_community_house_1,
          grunt_orc_community_house_3, grunt_orc_community_house_2,
          serial_shops, shop, uniq_erolcha

Skill      XL: |  1  2  3  4  5  6  7  8  9 10 11 12 13 14 15 |
---------------+----------------------------------------------+-----
Spellcasting   | 3 4 5 6 7 8 9 10 | 10.0
Fighting       | 1 2 3 4 5 6 7 9 11 12 13 | 13.1
Dodging        | 3 4 5 6 7 9 10 12 14 16 | 16.7
Summonings     | 5 6 7 8 9 10 | 10.0
Hexes          | 2 4 5 6 8 10 | 10.0
Air Magic      | 1 2 4 6 7 9 13 14 | 14.0
Translocations | 1 6 10 | 10.0
Transmutations | 1 9 14 | 14.6
Stealth        | |  2.6

Action                   |  1- 3 |  4- 6 |  7- 9 | 10-12 | 13-15 || total
-------------------------+-------+-------+-------+-------+-------++-------
Melee: Unarmed           |    31 |     5 |     3 |     2 |     4 ||    45
       Bite              |     4 |     4 |       |       |       ||     8
 Cast: Summon Small Mamm |    13 |       |     1 |     3 |       ||    17
       Call Imp          |    25 |     8 |    17 |    20 |       ||    70
       Call Canine Famil |     6 |    22 |    57 |    65 |    74 ||   224
       Summon Guardian G |       |    14 |    38 |    63 |   168 ||   283
       Summon Lightning  |       |       |     9 |    86 |    72 ||   167
       Summon Mana Viper |       |       |       |    47 |   210 ||   257
       Summon Forest     |       |       |       |    22 |   186 ||   208
Invok: Call Merchant     |       |       |       |       |     3 ||     3
       Potion Petition   |       |       |       |       |     2 ||     2
  Use: Scroll            |       |     6 |     5 |    12 |    15 ||    38
       Potion            |       |       |     7 |     1 |     9 ||    17
 Stab: Sleeping          |     2 |     1 |       |       |       ||     3
Armor: Skin              |     2 |     4 |    28 |     2 |     5 ||    41
Dodge: Dodged            |    66 |    21 |    68 |   123 |   364 ||   642
Block: Other             |       |       |       |     5 |    83 ||    88
       Reflection        |       |       |       |       |    18 ||    18
